 Dungeon Crawl Stone Soup version 0.29-a0-813-g4a14ea37d6 (webtiles) character file.

Game seed: 10694173709556941729

6316 blackman the Skirmisher (level 11, -3/75 HPs)
             Began as a Human Delver on July 4, 2022.
             Was a Priest of Elyvilon.
             Slain by a vampire mosquito (9 damage)
             ... on level 10 of the Dungeon.
             The game lasted 00:30:55 (9895 turns).

blackman the Skirmisher (Human Delver)              Turns: 9895, Time: 00:30:56

Health: -3/75      AC:  6    Str: 23    XL:     11   Next: 16%
Magic:  11/11      EV: 11    Int: 11    God:    Elyvilon [***...]
Gold:   355        SH:  0    Dex: 14    Spells: 10/10 levels left

rFire   . . .      SeeInvis +   M - +0 battleaxe
rCold   . . .      Faith    .   (shield currently unavailable)
rNeg    . . .      Spirit   .   C - +1 ring mail {rPois}
rPois   +          Reflect  .   (no helmet)
rElec   .          Harm     .   (no cloak)
rCorr   .          Rampage  .   (no gloves)
Will    .....                   (no boots)
Stlth   ++........              y - amulet of regeneration
HPRegen 1.02/turn               N - +6 ring of strength
MPRegen 0.12/turn               p - ring of see invisible

@: hasted, very quick
A: no striking features
a: Renounce Religion, Purification, Heal Other, Heal Self


You were on level 10 of the Dungeon.
You worshipped Elyvilon.
Elyvilon was most pleased with you.
You visited 3 branches of the dungeon, and saw 9 of its levels.

You collected 355 gold pieces.

Inventory:

Hand Weapons
 a - the +8 dagger "Noudgh" {elec, rN+}
   (You found it on level 8 of the Dungeon)

   It occasionally discharges a powerful burst of electricity upon striking a
   foe.
   rN:        It protects you from negative energy.
 b - a +0 arbalest of venom
 d - a +0 hand axe
 r - a +0 war axe
 M - a +0 battleaxe (weapon)
Missiles
 j - 4 javelins
 F - 13 poisoned darts
Armour
 i - the +1 leather armour of the Stag {Harm}
   (You found it on level 7 of the Dungeon)

   Harm:      It increases damage dealt and taken.
 n - a +0 leather armour
 C - a +1 ring mail of poison resistance (worn)
 Q - a +0 troll leather armour
Jewellery
 m - the ring of Ijakemoh {Fire rN++}
   (You found it on level 8 of the Dungeon)

   [ring of fire]

   It enhances your fire magic.
   rF:        It protects you from fire.
   rC:        It makes you vulnerable to cold.
   rN:        It greatly protects you from negative energy.
 p - a ring of see invisible (right hand)
 t - a ring of protection from cold
 u - an amulet of the acrobat
 y - an amulet of regeneration (around neck)
 H - an amulet of reflection
 N - a +6 ring of strength (left hand)
 R - a ring of willpower
Wands
 g - a wand of digging (9)
 A - a wand of roots (5)
 D - a wand of polymorph (11)
 E - a wand of mindburst (11)
 O - a wand of flame (8)
Scrolls
 c - 2 scrolls of fog
 e - 2 scrolls of vulnerability
 x - a scroll of amnesia
 z - 4 scrolls of teleportation {unknown}
 G - a scroll of noise {unknown}
 I - a scroll of fear
 K - 2 scrolls of immolation {unknown}
 S - a scroll of identify
Potions
 h - 2 potions of degeneration {unknown}
 k - a potion of lignification {unknown}
 o - 3 potions of curing {unknown}
 q - 3 potions of might
 s - a potion of resistance
 w - a potion of invisibility {unknown}
 B - 2 potions of mutation {unknown}
 J - 3 potions of heal wounds {unknown}
 L - a potion of berserk rage {unknown}
 T - a potion of cancellation {unknown}
Miscellaneous
 l - a lightning rod (inert)


   Skills:
 - Level 3.0 Fighting
 - Level 4.1 Axes
 * Level 13.1 Ranged Weapons
 - Level 2.0 Dodging
 - Level 5.0 Stealth
 * Level 8.5 Evocations


You had 10 spell levels left.
You didn't know any spells.
Your spell library contained the following spells:

 Spells                   Type           Power      Damage    Failure   Level
 Magic Dart               Conj           0%         1d3       50%         1
 Slow                     Hex            0%         N/A       50%         1
 Call Imp                 Summ           0%         N/A       65%         2
 Confusing Touch          Hex            0%         N/A       86%         3
 Conjure Flame            Conj/Fire      0%         6-21      86%         3
 Ignite Poison            Fire/Tmut/Pois 0%         N/A       86%         3
 Mephitic Cloud           Conj/Pois/Air  0%         N/A       86%         3
 Vampiric Draining        Necr           0%         2d6       86%         3
 Sticky Flame             Conj/Fire      0%         2d3       99%         4


Dungeon Overview and Level Annotations

Branches:
Dungeon (10/15)            Temple (1/1) D:4            Lair (1/6) D:10
    Orc: D:9-12

Altars:
Ashenzari
Cheibriados
Dithmenos
Elyvilon
Fedhas
Gozag
Hepliaklqana
Kikubaaqudgha
Makhleb
Nemelex Xobeh
Okawaru
Qazlal
Ru
Sif Muna
Trog
Uskayaw
Vehumet
Wu Jian
Xom
Yredelemnul
Zin
The Shining One

Shops:
D:8 (

Annotations:
D:5 3 runed translucent doors, nicolae's ghost, novice OpTm


Message History

The vampire mosquito barely misses you. x2; The vampire mosquito bites you.
The vampire mosquito draws strength from your injuries!
The vampire mosquito bites you!
The vampire mosquito draws strength from your injuries!
You barely miss the vampire mosquito.
The vampire mosquito is heavily damaged.
You closely miss the vampire mosquito. The vampire mosquito bites you.
The vampire mosquito draws strength from your injuries!
The vampire mosquito misses you.
The vampire mosquito closely misses you.
The vampire mosquito bites you.
The vampire mosquito draws strength from your injuries!
The vampire mosquito bites you!
* * * LOW HITPOINT WARNING * * *
The vampire mosquito draws strength from your injuries!
The vampire mosquito bites you.
* * * LOW HITPOINT WARNING * * *
The vampire mosquito draws strength from your injuries!
You barely miss the vampire mosquito.
The vampire mosquito is lightly damaged.
You slash the vampire mosquito! The vampire mosquito barely misses you.
The vampire mosquito bites you but does no damage.
The vampire mosquito bites you.
* * * LOW HITPOINT WARNING * * *
The vampire mosquito draws strength from your injuries!
The vampire mosquito barely misses you.
The vampire mosquito completely misses you.
Aiming: Fastroot
Press: ? - help, Shift-Dir - straight line, p - vampire mosquito
Okay, then.
Unknown command.
Unknown command.
You feel yourself speed up. The vampire mosquito bites you.
* * * LOW HITPOINT WARNING * * *
The vampire mosquito draws strength from your injuries!
The vampire mosquito bites you.
* * * LOW HITPOINT WARNING * * *
The vampire mosquito draws strength from your injuries!
The vampire mosquito bites you!
You die...

#..# #.....§ ...######## ###
#....y. #.......... ... +.....T
##.######## ###.### #......
#.## ###.....### #...... #..#
##.........## #.....h ##.#
##...........## #.[.... #.###
#..P...yy.....# ######.
#...###.......@?......########.
###.†...................h..T...
#.#####........P..###y.......
#.# ##.....÷...## +........ #.#
####.....### #........ #.#
#..........# #........ #.#
#........### #........ #†#
#........# #........ #.#
#........# #........


You could see 2 vampire mosquitoes.

Vanquished Creatures
  A two-headed ogre (D:8)
  Maggie (D:6)
  An efreet (D:10)
  2 trolls
  Prince Ribbit (Lair:1)
  A blink frog (D:10)
  2 wyverns
  Eustachio (D:6)
  A steam dragon (D:8)
  7 yaks
  2 vampire mosquitoes (D:10)
  An acid dragon (D:9)
  Duvessa (D:5)
  3 water moccasins
  An ice beast (D:7)
  A sky beast (D:7)
  2 orc warriors (D:8)
  3 centaurs
  An ogre (D:6)
  A phantom (D:7)
  A kobold brigand (D:9)
  2 bullfrogs
  Blork the orc (D:5)
  A gnoll sergeant (D:7)
  3 scorpions
  Dowan (D:5)
  An electric eel (Lair:1)
  A howler monkey (D:10)
  4 hounds
  5 orc priests
  A gnoll bouda (D:10)
  3 iguanas
  6 orc wizards
  4 adders
  12 gnolls
  A white imp (D:5)
  An ufetubus (D:5)
  25 orcs
  4 endoplasms (D:4)
  2 giant cockroaches (D:4)
  6 goblins
  A hobgoblin (D:4)
  2 jackals (D:4)
  4 kobolds (D:9)
  2 ball pythons (D:4)
128 creatures vanquished.

Vanquished Creatures (others)
  A fungus (D:10)
  A plant (D:10)
2 creatures vanquished.

Grand Total: 130 creatures vanquished

Notes
Turn   | Place    | Note
-------+----------+-------------------------------------------
     0 | D:5      | blackman the Human Delver began the quest for the Orb.
     0 | D:5      | Reached XP level 1. HP: 18/18 MP: 1/1
     1 | D:6      | Noticed Eustachio
     1 | D:6      | Noticed a scorpion
    10 | D:6      | Killed a scorpion
    11 | D:6      | Reached XP level 2. HP: 24/24 MP: 2/2
    11 | D:6      | Reached XP level 3. HP: 29/29 MP: 3/3
    11 | D:6      | Reached XP level 4. HP: 35/35 MP: 4/4
    15 | D:7      | Noticed a sky beast
    22 | D:7      | Identified the +1 leather armour of the Stag {Harm}
    70 | D:8      | Found an ornate altar of the Wu Jian Council.
    71 | D:8      | Found a shimmering blue altar of Sif Muna.
    71 | D:8      | Found a snail-covered altar of Cheibriados.
    71 | D:8      | Found a sparkling altar of Nemelex Xobeh.
    72 | D:8      | Found a shimmering altar of Xom.
    72 | D:8      | Found a broken altar of Ashenzari.
    72 | D:8      | Found a bloodstained altar of Trog.
    72 | D:8      | Found a shadowy altar of Dithmenos.
    72 | D:8      | Found a white marble altar of Elyvilon.
    74 | D:8      | Found an iron altar of Okawaru.
    74 | D:8      | Found a sacrificial altar of Ru.
    74 | D:8      | Found an opulent altar of Gozag.
    76 | D:8      | Found a burning altar of Makhleb.
    76 | D:8      | Found a glowing golden altar of the Shining One.
    76 | D:8      | Found a basalt altar of Yredelemnul.
    88 | D:8      | Became a worshipper of Elyvilon the Healer
   149 | D:9      | Noticed a yak
   166 | D:9      | Noticed an acid dragon
   198 | D:9      | Noticed a yak
   215 | D:9      | Killed a yak
   216 | D:9      | Reached XP level 5. HP: 41/41 MP: 5/5
   452 | D:9      | Noticed a yak
   579 | D:8      | Noticed a two-headed ogre
   598 | D:8      | Found a flagged portal.
  1002 | D:8      | Identified the ring of Ijakemoh {Fire rN++}
  1045 | D:8      | Reached XP level 6. HP: 47/47 MP: 6/6
  1047 | D:8      | Noticed an orc warrior
  1050 | D:8      | Killed an orc warrior
  1078 | D:7      | Killed a sky beast
  1079 | D:7      | Reached skill level 5 in Evocations
  1079 | D:7      | Reached XP level 7. HP: 39/52 MP: 7/7
  1169 | D:5      | Found a runed translucent gate.
  1169 | D:5      | Found a runed translucent gate.
  1169 | D:5      | Found a runed translucent gate.
  1200 | D:5      | Noticed Dowan
  1201 | D:5      | Noticed Duvessa
  1204 | D:5      | Killed Dowan
  1208 | D:5      | Killed Duvessa
  1945 | D:5      | Reached XP level 8. HP: 58/58 MP: 8/8
  2333 | D:5      | Reached * piety under Elyvilon
  2333 | D:5      | Noticed nicolae's ghost (novice OpTm)
  2360 | D:5      | Found a radiant altar of Vehumet.
  2537 | D:5      | Reached skill level 1 in Ranged Weapons
  2964 | D:5      | Reached skill level 2 in Ranged Weapons
  3511 | D:5      | Noticed Blork the orc
  3524 | D:5      | Killed Blork the orc
  3525 | D:5      | Reached skill level 3 in Ranged Weapons
  4225 | D:6      | Reached skill level 4 in Ranged Weapons
  4875 | D:7      | Reached skill level 5 in Ranged Weapons
  4898 | D:8      | Found Suerph's Antique Weapon Shop.
  5409 | D:6      | Killed Eustachio
  5410 | D:6      | Reached skill level 6 in Ranged Weapons
  5410 | D:6      | Reached XP level 9. HP: 60/63 MP: 9/9
  5537 | D:6      | Noticed Maggie
  5546 | D:6      | Killed Maggie
  5547 | D:6      | Reached skill level 7 in Ranged Weapons
  5895 | D:4      | Reached ** piety under Elyvilon
  5915 | D:4      | Found a staircase to the Ecumenical Temple.
  5941 | Temple   | Entered the Ecumenical Temple
  6070 | D:6      | Reached skill level 8 in Ranged Weapons
  6642 | D:7      | Reached skill level 9 in Ranged Weapons
  7401 | D:8      | Killed a two-headed ogre
  7402 | D:8      | Reached skill level 10 in Ranged Weapons
  7402 | D:8      | Reached XP level 10. HP: 70/70 MP: 10/10
  7575 | D:8      | Identified the +8 dagger "Noudgh" {elec, rN+}
  7813 | D:9      | Reached skill level 11 in Ranged Weapons
  7863 | D:9      | Reached *** piety under Elyvilon
  8219 | D:9      | Reached skill level 12 in Ranged Weapons
  8310 | D:10     | Entered Level 10 of the Dungeon
  8383 | D:10     | Noticed an efreet
  8409 | D:10     | Killed an efreet
  8914 | D:10     | Reached XP level 11. HP: 35/75 MP: 11/11
  9645 | D:10     | Found a staircase to the Lair.
  9655 | Lair:1   | Entered Level 1 of the Lair of Beasts
  9661 | Lair:1   | Noticed Prince Ribbit
  9662 | Lair:1   | Reached skill level 13 in Ranged Weapons
  9670 | Lair:1   | Killed Prince Ribbit
  9895 | D:10     | Slain by a vampire mosquito

Illustrated notes

Levels and vault maps discovered:
D:4:      layout_basic, temple_pool_b, uniq_ijyb
D:5:      layout_basic, fiery_altar_vehumet, gammafunk_ghost_icy,
          minmay_misc_feat_iff, uniq_blork_the_orc, uniq_duvessa
D:6:      layout_cave_pools, serial_shops,
          nicolae_shop_temple_entry_statues_fountains, uniq_maggie,
          uniq_eustachio
D:7:      layout_cave_pools, serial_park_tiny_1
D:8:      layout_basic, nicolae_overflows_in_rows, serial_shops, shop,
          enter_bailey_3
D:9:      nicolae_cairo_tiling_large_dashed, layout_basic
D:10:     layout_roguey, david_lair_generic, minivault_19
Temple:   hellmonk_temple_micro_hex
Lair:1:   layout_hall_layers, infiniplex_staircase_pool, lemuel_fruit_tree,
          uniq_prince_ribbit2, uniq_fannar, uniq_grum

Skill      XL: |  1  2  3  4  5  6  7  8  9 10 11 |
---------------+----------------------------------+-----
Axes           | 4 |  4.1
Evocations     | 3 5 7 8 |  8.5
Ranged Weapons | 6 10 12 13 | 13.1
Fighting       | |  3.0
Dodging        | |  2.0
Stealth        | |  5.0

Action                   |  1- 3 |  4- 6 |  7- 9 | 10-12 || total
-------------------------+-------+-------+-------+-------++-------
Melee: War axe           |       |     9 |    23 |       ||    32
       Battleaxe         |       |       |    46 |     4 ||    50
       Punch             |       |       |     1 |     1 ||     2
       Dagger            |       |       |       |    53 ||    53
 Fire: Arbalest          |       |       |   166 |   104 ||   270
Throw: Dart              |       |       |       |     1 ||     1
Invok: Heal Self         |       |       |       |     1 ||     1
Evoke: Wand              |     3 |     2 |     8 |     5 ||    18
       Lightning rod     |       |     8 |     5 |     4 ||    17
  Use: Scroll            |       |     2 |     6 |     2 ||    10
       Potion            |       |       |       |     1 ||     1
 Stab: Sleeping          |       |       |     1 |       ||     1
Armor: Leather armour    |     1 |     2 |    23 |       ||    26
       Ring mail         |       |       |    17 |    26 ||    43
Dodge: Dodged            |       |    19 |   122 |    77 ||   218

Table legend: (Time is in decaauts)
 A = Elapsed time spent in this place.
 B = Non-inter-level travel time spent in this place.
 C = Inter-level travel time spent in this place.
 D = Time resting spent in this place.
 E = Time spent auto-exploring this place.
 F = Levels seen in this place.
 G = Mean time per level.
                   A        B        C        D        E       F      G
               +--------+--------+--------+--------+--------+-----+--------+
         Total |  10067 |   9476 |    591 |   5363 |   2521 |   9 | 1118.6 |
       Dungeon |  10043 |   9452 |    591 |   5363 |   2519 |   7 | 1434.7 |
        Temple |      3 |      3 |      0 |      0 |      0 |   1 |    3.0 |
          Lair |     20 |     20 |      0 |      0 |      2 |   1 |   20.0 |
               +--------+--------+--------+--------+--------+-----+--------+

Top non-repeatable levels by time:
     D:5: 2806 daAuts
     D:8: 2013 daAuts
     D:6: 1542 daAuts
    D:10: 1214 daAuts
     D:7: 1116 daAuts
     D:9: 1027 daAuts
     D:4: 322 daAuts
  Lair:1: 20 daAuts
  Temple: 3 daAuts
